 Dungeon Crawl Stone Soup version 0.28.0-45-g0d030f2227 (webtiles) character file.

Game seed: 3448390603332721430

53 NinjaNoafa the Firebug (level 3, -5/26 HPs)
             Began as a Draconian Fire Elementalist on Apr 18, 2022.
             Was an Initiate of Fedhas.
             Killed by divine providence
             ... invoked by an orc priest
              (15 damage)
             ... on level 3 of the Dungeon.
             The game lasted 00:03:40 (1711 turns).

NinjaNoafa the Firebug (DrFE)                       Turns: 1711, Time: 00:03:44

Health: -5/26      AC:  6    Str: 10    XL:     3   Next: 64%
Magic:  0/6        EV: 12    Int: 17    God:    Fedhas [......]
Gold:   81         SH:  0    Dex: 11    Spells: 6/7 levels left

rFire   . . .      SeeInvis .   h - +2 dagger (venom)
rCold   . . .      Faith    .   (no shield)
rNeg    . . .      Spirit   .   (armour unavailable)
rPois   .          Reflect  .   (helmet restricted)
rElec   .          Harm     .   (no cloak)
rCorr   .          Rampage  .   d - +0 pair of gloves
Will    .....                   (no boots)
Stlth   ++........              (no amulet)
HPRegen 0.08/turn               (no ring)
MPRegen 0.10/turn               (no ring)

@: no status effects
A: AC +5, unfitting armour, cold-blooded
a: Renounce Religion


You were on level 3 of the Dungeon.
You worshipped Fedhas.
Fedhas was noncommittal.
You visited 1 branch of the dungeon, and saw 3 of its levels.

You collected 81 gold pieces.

Inventory:

Hand Weapons
 e - a +0 war axe
 h - a +2 dagger of venom (weapon)
Missiles
 f - 24 stones (quivered)
 l - 5 poisoned darts
 m - 6 atropa-tipped darts
Armour
 d - a +0 pair of gloves (worn)
Scrolls
 a - a scroll of noise
 c - a scroll of identify {unknown}
 i - a scroll of holy word {unknown}
 j - a scroll of teleportation
 k - a scroll of vulnerability {unknown}
Potions
 b - a potion of haste {unknown}
 g - a potion of heal wounds {unknown}
 n - a potion of brilliance {unknown}


   Skills:
 + Level 2.3 Dodging
 - Level 2.0 Stealth
 + Level 2.5 Spellcasting
 + Level 1.9 Conjurations
 + Level 3.4 Fire Magic


You had 6 spell levels left.
You knew the following spells:

 Your Spells              Type           Power      Damage    Failure   Level
a - Foxfire               Conj/Fire      44%        2x1d6     6%          1

Your spell library contained the following spells:

 Spells                   Type           Power      Damage    Failure   Level
 Scorch                   Fire           26%        2d6       7%          2
 Conjure Flame            Conj/Fire      11%        6-21      19%         3
 Inner Flame              Hex/Fire       8%         N/A       26%         3
 Flame Wave               Conj/Fire      11%        2d5       52%         4


Dungeon Overview and Level Annotations

Branches:
Dungeon (3/15)

Altars:
Fedhas

Annotations:
D:2 Robin


Innate Abilities, Weirdness & Mutations

Your plain brown scales are hard. (AC +5)
You cannot fit into any form of body armour.
You are cold-blooded and may be slowed by cold attacks.


Message History

You kill the rat!
Fedhas appreciates your contribution to the ecosystem.
The foxfire hits the orc priest.
The orc priest is lightly wounded.
Casting: Foxfire (safe; 6% risk of failure)
Confirm with . or Enter, or press ? or * to list all spells.
You conjure some foxfire!
Casting: Foxfire (safe; 6% risk of failure)
Confirm with . or Enter, or press ? or * to list all spells.
You conjure some foxfire!
Your foxfire dissipates!
The foxfire hits the orc priest but does no damage.
The orc priest is lightly wounded.
The foxfire hits the orc priest but does no damage.
The orc priest is lightly wounded.
The foxfire hits the orc priest.
The orc priest is moderately wounded.
Found a scroll labelled QURATTONK.
Casting: Foxfire (safe; 6% risk of failure)
Confirm with . or Enter, or press ? or * to list all spells.
You conjure some foxfire!
The orc priest calls down the wrath of Beogh upon you.
Beogh smites you!
Ouch! That really hurt!
Found a hand axe.
Found a stone staircase leading up.
The foxfire hits the orc priest.
The orc priest is severely wounded.
The foxfire hits the orc priest.
The orc priest is almost dead.
A rat comes into view.
The orc priest calls down the wrath of Beogh upon you.
You barely resist.
Casting: Foxfire (safe; 6% risk of failure)
Confirm with . or Enter, or press ? or * to list all spells.
You conjure some foxfire!
The orc priest calls down the wrath of Beogh upon you.
Beogh smites you!
Ouch! That really hurt!
You die...
Fedhas appreciates your contribution to the ecosystem.

#.....###.#.#
#### #.<...#
#.#.###.....
#.......#.#...).#
#.....#...##.####
########......#
##.#...#
#.##o.#####
#v.....# #@.....#
#v.....# #?.....#
#<)....# #......#
#...r..# ########


You could see an orc priest (ally target) and a rat (asleep).

Vanquished Creatures
  An adder (D:3)
  A worm (D:3)
  A dart slug (D:1)
  2 orcs (D:3)
  An endoplasm (D:2)
  A giant cockroach (D:1)
  9 goblins
  4 hobgoblins (D:2)
  3 kobolds
  A quokka (D:3)
  3 ball pythons (D:1)
  3 bats
  A frilled lizard (D:1)
  4 rats
  A spectral kobold (D:2)
36 creatures vanquished.

Vanquished Creatures (others)
  91 foxfires
91 creatures vanquished.

Grand Total: 127 creatures vanquished

Notes
Turn   | Place    | Note
-------+----------+-------------------------------------------
     0 | D:1      | NinjaNoafa the Draconian Fire Elementalist began the quest
                  | for the Orb.
     0 | D:1      | Reached XP level 1. HP: 14/14 MP: 3/3
   398 | D:1      | Reached XP level 2. HP: 20/20 MP: 0/5
  1066 | D:2      | Identified the +0 leather armour "Giczunae" {Drain rF+
                  | Dex+9}
  1085 | D:2      | Found a faded altar of an unknown god.
  1170 | D:2      | Noticed Robin
  1282 | D:2      | Reached XP level 3. HP: 26/26 MP: 0/6
  1492 | D:3      | Found a blossoming altar of Fedhas.
  1504 | D:3      | Became a worshipper of Fedhas Madash
  1711 | D:3      | Killed from afar by an orc priest

Illustrated notes

Levels and vault maps discovered:
D:1:      tarquinn_simple_flora_water_b, layout_basic
D:2:      minmay_razor_zed, layout_rooms,
          dreamdust_ecumenical_altar_drowned_temple, uniq_robin
D:3:      layout_rooms, lemuel_tele_altar, uniq_grinder

Skill      XL: |  1  2 |
---------------+-------+-----
Stealth        | 2 |  2.0
Dodging        | 2 |  2.3
Spellcasting   | |  2.5
Conjurations   | |  1.9
Fire Magic     | |  3.4

Action                   || total
-------------------------++-------
Melee: Dagger            ||     9
       Tailslap          ||     1
Throw: Javelin           ||    17
 Cast: Foxfire           ||    58
  Use: Scroll            ||     2
Armor: Skin              ||     8
Dodge: Dodged            ||    23
